AoeStats
← GStar

Lombardia

509098226Analyzed
4v4 RM · 7d ago on Sep 25, 2026· 46m 22s· 8 players
Game mode
Random Map
Map size
Large (8 player)
Population
200
Speed
Normal
Resources
Standard
Victory
Conquest
Starting age
Dark Age
Ending age
Imperial Age
RankedLock teamsTeams togetherTeam positionsShared explorationLock speedFull tech treeHidden civsTurbo modeCheats
Victory
Defeat
🇩🇪 Khmer · Germany
1072
+12
🇨🇳 Persians · China
1049
+13
🇨🇳 Georgians · China
1044
+13
🇺🇸 Varangians · United States
921
+17
🇪🇸 Spanish · Spain
1052
-32
🇫🇷 Hindustanis · France
980
-14
🇭🇰 Cumans · Hong Kong SAR China
937
-12
🇮🇪 Varangians · Ireland
935
-12
Syrus637
4:11 Loom
11:22 Feudal Age
15:59 Wheelbarrow
19:06 Castle Age
19:01 Double-Bit Axe
20:06 Hand Cart
28:44 Scale Barding Armor
31:23 Horse Collar
31:58 Husbandry
32:09 Bloodlines
32:27 Chain Barding Armor
32:18 Forging
36:39 Imperial Age
35:55 Iron Casting
39:34 Plate Barding Armor
38:38 Heavy Camel Rider
40:21 Blast Furnace
39:48 Pikeman
40:29 Squires
41:34 Imperial Camel Rider
42:58 Heavy Plow
44:23 Town Watch
45:13 Scale Mail Armor
cherripunji
0:28 Loom
12:15 Feudal Age
17:24 Castle Age
22:28 Town Watch
25:05 Horse Collar
25:55 Double-Bit Axe
27:38 Bloodlines
27:42 Fletching
28:46 Padded Archer Armor
30:33 Scale Barding Armor
30:38 Forging
30:44 Leather Archer Armor
30:24 Bodkin Arrow
35:16 Imperial Age
32:44 Gold Mining
33:49 Chain Barding Armor
34:04 Iron Casting
35:56 Steppe Husbandry
35:25 Light Cavalry
37:37 Conscription
Rafa
0:45 Loom
13:55 Feudal Age
18:12 Castle Age
17:42 Gold Mining
17:46 Stone Mining
18:13 Double-Bit Axe
31:35 Caravan
32:02 Padded Archer Armor
32:20 Bow Saw
32:07 Town Watch
35:03 Horse Collar
37:00 Husbandry
37:59 Scale Barding Armor
38:05 Forging
39:33 Bloodlines
39:57 Chain Barding Armor
40:13 Iron Casting
41:15 Leather Archer Armor
40:50 Fletching
43:35 Imperial Age
41:43 Wheelbarrow
40:36 Elite Skirmisher
45:36 Ring Archer Armor
45:02 Bodkin Arrow
LJRG10
0:28 Loom
11:26 Feudal Age
12:49 Loom
15:34 Castle Age
14:09 Horse Collar
15:09 Double-Bit Axe
15:56 Scale Barding Armor
16:15 Husbandry
16:26 Bloodlines
17:16 Bloodlines
30:26 Imperial Age
28:12 Town Watch
29:03 Wheelbarrow
28:51 Heavy Plow
31:51 Hand Cart
31:37 Town Patrol
32:56 Chemistry
32:50 Chain Barding Armor
34:03 Capped Ram
36:21 Plate Barding Armor
37:46 Conscription
39:06 Forging
38:23 Elite Jarl
41:17 Iron Casting
Mirandus
11:22 Feudal Age
14:03 Castle Age
12:39 Double-Bit Axe
15:03 Horse Collar
16:44 Bow Saw
17:21 Heavy Plow
20:02 Stone Mining
22:20 Wheelbarrow
26:17 Hand Cart
26:44 Scale Barding Armor
27:47 Bloodlines
27:13 Elite Skirmisher
27:44 Fletching
27:55 Padded Archer Armor
32:43 Imperial Age
30:39 Ballistics
32:07 Chain Barding Armor
31:58 Bodkin Arrow
33:01 Leather Archer Armor
32:54 Husbandry
34:43 Plate Barding Armor
35:11 Chemistry
34:17 Siege Engineers
35:04 Bracer
36:01 Double Crossbow
37:47 Ring Archer Armor
37:31 Elite Ballista Elephant
38:34 Conscription
38:43 Town Watch
39:10 Forging
38:24 Light Cavalry
40:37 Gold Mining
41:23 Iron Casting
41:55 Scale Mail Armor
41:20 Hussar
45:34 Blast Furnace
marwenskio
5:42 Loom
13:04 Feudal Age
17:27 Castle Age
17:45 Double-Bit Axe
18:49 Wheelbarrow
20:45 Bow Saw
21:23 Horse Collar
29:20 Hand Cart
28:51 Town Watch
31:32 Husbandry
31:43 Bloodlines
32:30 Scale Barding Armor
32:37 Forging
40:35 Imperial Age
38:44 Town Patrol
40:22 Chain Barding Armor
40:37 Iron Casting
40:04 Scale Mail Armor
40:02 Arson
41:36 Elite Jarl
44:49 Heavy Mounted Crossbowman
44:49 Cranequins
45:58 Padded Archer Armor
45:50 Fletching
GStar
11:48 Feudal Age
16:00 Castle Age
17:43 Double-Bit Axe
17:42 Horse Collar
20:18 Loom
22:39 Wheelbarrow
28:04 Hand Cart
27:35 Town Watch
33:48 Imperial Age
32:00 Town Patrol
32:10 Scale Mail Armor
32:16 Scale Barding Armor
32:22 Forging
32:31 Masonry
32:33 Fortified Wall
32:05 Treadmill Crane
32:46 Ballistics
32:43 Stone Mining
32:48 Gold Mining
33:12 Bow Saw
37:54 Chemistry
37:27 Architecture
37:48 Conscription
36:56 Elite Monaspa
39:07 Chain Barding Armor
40:20 Svan Towers
40:09 Heavy Scorpion
42:05 Husbandry
42:15 Bloodlines
44:19 Iron Casting
44:20 Plate Barding Armor
43:37 Fletching
llrobot
11:53 Feudal Age
15:33 Castle Age
13:29 Horse Collar
14:03 Double-Bit Axe
18:08 Heavy Plow
24:12 Wheelbarrow
24:03 Bow Saw
25:56 Hand Cart
25:54 Gold Mining
25:58 Stone Mining
27:34 Town Watch
28:56 Stone Shaft Mining
29:00 Gold Shaft Mining
31:06 Imperial Age
29:12 Scale Barding Armor
29:18 Forging
30:46 Chain Barding Armor
31:25 Iron Casting
31:04 Masonry
33:12 Two-Man Saw
32:46 Crop Rotation
32:53 Plate Barding Armor
33:17 Conscription
34:00 Blast Furnace
34:10 Chemistry
33:45 Devotion
33:22 Elite War Elephant
35:20 Hoardings
35:51 Hoardings
35:39 Guilds
37:01 Ballistics
37:12 Architecture
36:39 Murder Holes
37:48 Fletching
38:19 Citadels
38:35 Caravan
38:40 Cavalier
39:20 Husbandry
39:31 Bloodlines
38:42 Light Cavalry
39:59 Coinage
40:41 Loom
40:36 Hussar
43:33 Kamandaran
44:07 Padded Archer Armor
44:03 Bodkin Arrow
46:39 Leather Archer Armor
46:24 Scale Mail Armor
Connection lost

Rejoining the realm…

Still unreachable

The connection could not be restored.

Session expired

The server has moved on; the page needs a fresh start.